AoeStats
← ILNARIO

Arena

510729684Analyzed
1v1 RM · 19h ago on Oct 2, 2026· 48m 49s· 2 players
Game mode
Random Map
Map size
Tiny (2 player)
Population
200
Speed
Normal
Resources
Standard
Victory
Conquest
Starting age
Dark Age
Ending age
Imperial Age
RankedLock teamsTeams togetherTeam positionsShared explorationLock speedFull tech treeHidden civsTurbo modeCheats
Victory
Defeat
🇳🇱 Khmer · Netherlands
784
+18
🇰🇿 Varangians · Kazakhstan
824
-18
zwiktuut
9:31 Feudal Age
10:08 Double-Bit Axe
17:06 Castle Age
15:13 Horse Collar
18:49 Bow Saw
20:04 Wheelbarrow
21:12 Heavy Plow
21:11 Gold Mining
21:17 Light Cavalry
22:32 Bloodlines
22:23 Stone Mining
23:20 Husbandry
26:17 Hand Cart
26:31 Forging
26:27 Scale Barding Armor
29:08 Iron Casting
28:54 Chain Barding Armor
31:17 Stone Shaft Mining
33:25 Imperial Age
33:44 Hussar
34:28 Loom
36:00 Blast Furnace
35:36 Plate Barding Armor
35:27 Conscription
35:45 Fletching
38:03 Double Crossbow
39:03 Gold Shaft Mining
39:13 Crop Rotation
39:43 Elite Ballista Elephant
41:48 Chemistry
40:54 Siege Engineers
41:00 Masonry
40:46 Murder Holes
ILNARIO
10:23 Feudal Age
14:02 Castle Age
12:10 Double-Bit Axe
17:05 Loom
19:24 Horse Collar
24:08 Wheelbarrow
25:24 Bow Saw
29:35 Imperial Age
27:47 Gold Mining
27:46 Town Watch
29:15 Heavy Plow
29:25 Scale Barding Armor
29:11 Fletching
29:22 Padded Archer Armor
30:11 Forging
30:05 Scale Mail Armor
31:56 Chain Barding Armor
31:32 Bodkin Arrow
31:50 Bloodlines
31:41 Husbandry
33:16 Conscription
34:01 Hand Cart
33:32 Town Watch
34:27 Plate Barding Armor
33:54 Bracer
34:10 Leather Archer Armor
33:25 Elite Varangian Guard
35:15 Crop Rotation
35:13 Town Patrol
35:06 Stone Mining
35:34 Forging
37:01 Stone Shaft Mining
41:04 Chain Mail Armor
42:06 Two-Man Saw
41:44 Iron Casting
43:01 Plate Mail Armor
45:12 Onager
47:08 Murder Holes
47:26 Fortified Wall
Connection lost

Rejoining the realm…

Still unreachable

The connection could not be restored.

Session expired

The server has moved on; the page needs a fresh start.